 Dungeon Crawl Stone Soup version 0.26.1-2-gb8aa6d0cf2 (webtiles) character file.

Game seed: 18250146260486423737

5910 Havoc the Thaumaturge (level 10, -7/86 HPs)
             Began as a Green Draconian Earth Elementalist on Mar 8, 2021.
             Was a Priest of Sif Muna.
             Mangled by a death yak (18 damage)
             ... on level 9 of the Dungeon on Mar 9, 2021.
             The game lasted 01:00:49 (13391 turns).

Havoc the Thaumaturge (DrEE)                       Turns: 13391, Time: 01:00:50

Health: -7/86      AC:  9    Str: 10    XL:     10   Next: 53%
Magic:  22/24      EV: 12    Int: 19    God:    Sif Muna [***...]
Gold:   506        SH:  0    Dex: 12    Spells: 14/29 levels left

rFire    . . .     SeeInvis .   e - +1 dagger (venom)
rCold    . . .     Faith    .   (no shield)
rNeg     . . .     Spirit   .   (armour unavailable)
rPois    +         Reflect  .   (helmet restricted)
rElec    .         Harm     .   F - +0 cloak
rCorr    .         Rampage  .   (no gloves)
Will     +....                  x - +0 pair of boots
Stlth    ++........             v - amulet of regeneration
HPRegen  0.64/turn              E - +4 ring of slaying
MPRegen  0.19/turn              g - ring of willpower

@: no status effects
A: breathe noxious fumes, unfitting armour, poison resistance, cold-blooded, AC
+7
a: Breathe Noxious Fumes, Renounce Religion, Channel Magic, Forget Spell


You were on level 9 of the Dungeon.
You worshipped Sif Muna.
Sif Muna was most pleased with you.
You visited 2 branches of the dungeon, and saw 11 of its levels.

You collected 506 gold pieces.

Inventory:

Hand Weapons
 c - a +1 antimagic short sword
 e - a +1 dagger of venom (weapon)
 D - a +0 vampiric trident
Missiles
 b - 101 stones
Armour
 x - a +0 pair of boots (worn)
 F - a +0 cloak (worn)
Jewellery
 d - an uncursed ring of ice
 g - a ring of willpower (right hand)
 v - an amulet of regeneration (around neck)
 E - a +4 ring of slaying (left hand)
Wands
 l - a wand of random effects (20)
 y - a wand of polymorph (14)
 A - a wand of disintegration (8)
 C - a wand of paralysis (10)
Scrolls
 h - 12 scrolls of identify {unknown}
 m - 2 scrolls of enchant weapon {unknown}
 o - a scroll of teleportation
 q - 2 scrolls of blinking {unknown}
 r - 4 scrolls of remove curse
 s - 2 scrolls of immolation {unknown}
 z - 2 scrolls of amnesia {unknown}
 B - a scroll of fog {unknown}
 H - a scroll of fear {unknown}
Potions
 a - 5 potions of degeneration {unknown}
 f - a potion of brilliance {unknown}
 i - 4 potions of haste
 j - 2 potions of magic {unknown}
 k - 3 potions of might {unknown}
 n - a potion of resistance {unknown}
 p - 4 potions of heal wounds {unknown}
 t - 5 potions of curing
 u - 2 potions of mutation {unknown}
 w - 3 potions of lignification {unknown}
 G - a potion of ambrosia {unknown}
 I - a potion of cancellation {unknown}


   Skills:
 + Level 7.1 Fighting
 - Level 1.7 Dodging
 - Level 1.7 Stealth
 * Level 10.1 Spellcasting
 - Level 4.2 Conjurations
 - Level 4.1 Transmutations
 + Level 8.2 Earth Magic


You had 14 spell levels left.
You knew the following spells:

 Your Spells              Type           Power        Failure   Level
a - Sandblast             Erth           80%          1%          1
b - Passwall              Tmut/Erth      27%          1%          2
c - Stone Arrow           Conj/Erth      66%          1%          3
d - Petrify               Tmut/Erth      33%          6%          4
e - Lee's Rapid Deconstr  Erth           20%          7%          5

Your spell library contained the following spells:

 Spells                   Type           Power        Failure   Level


Dungeon Overview and Level Annotations

Branches:
Dungeon (10/15)            Temple (1/1) D:7            Lair (0/6) D:9
    Orc: D:9-12

Altars:
Ashenzari
Dithmenos
Elyvilon
Fedhas
Gozag
Hepliaklqana
Kikubaaqudgha
Makhleb
Nemelex Xobeh
Okawaru
Qazlal
Ru
Sif Muna
Trog
Uskayaw
Vehumet
Wu Jian
Xom
Yredelemnul
Zin
The Shining One

Annotations:
D:6 Edmund
D:8 Joseph
D:9 Erica


Innate Abilities, Weirdness & Mutations

You can breathe blasts of noxious fumes.
Your lurid green scales are hard. (AC +7)
You cannot fit into any form of body armour.
Your system is resistant to poisons. (rPois)
You are cold-blooded and may be slowed by cold attacks.


Message History

The death yak barely misses you.
There is a stone staircase leading down here.
The death yak closely misses you.
You hit the death yak but do no damage.
The death yak is poisoned.
The death yak gores you!
Casting: Sandblast (safe; 1% risk of failure)
Confirm with . or Enter, or press ? or * to list all spells.
You don't know that spell.
Unknown command.
Casting: Sandblast (safe; 1% risk of failure)
Confirm with . or Enter, or press ? or * to list all spells.
Aiming: Passwall (safe; 1% risk of failure)
Press: ? - help, Dir - move target, p - death yak A rock wall.
The death yak gores you!! The death yak completely misses you.
You begin to meditate on the wall.
You continue meditating on the rock.
The death yak gores you!!
* * * LOW HITPOINT WARNING * * *
The death yak closely misses you. The death yak gores you!!
You die...

........#...#.....#.....#..#'###.
######...._.......#.....#........
........#...#.....#######..######
.......###.###.............#.....
####.>..#...#..............#.....
#.......................#.....
##.........####.........#.....
#####............#.........###'##
#....$.......#.Y@#..######.......
...#...........YY#..# #.......
...#..#.........##..# #.......
.....[..........#...# #......#
.....#.>..#..####...# #......#
..............#.....# #......#
........#....##.....# #......#
..............#.....######......#
.........##.###..................


You could see 3 death yaks.

Vanquished Creatures
  Pikel (D:9)
  A troll (D:9)
  A hornet (D:9)
  A yak (D:9)
  A golden eye (D:7)
  A wyvern (D:10)
  A water moccasin (D:7)
  A black bear (D:7)
  3 orc warriors
  3 sky beasts (D:10)
  A necrophage (D:10)
  A phantom (D:7)
  7 ogres
  4 big kobolds
  A gnoll sergeant (D:10)
  A wyvern zombie (D:8)
  5 bullfrogs
  3 scorpions
  13 wights
  2 bullfrog zombies
  4 hounds
  3 jellies
  3 orc priests
  A centaur skeleton (D:6)
  3 bullfrog skeletons
  4 iguanas
  Ijyb (D:5)
  11 orc wizards
  A hell rat (D:9)
  12 worker ants
  A killer bee zombie (D:6)
  8 gnolls
  A howler monkey skeleton (D:4)
  12 adders
  2 river rats (D:9)
  4 shadow imps
  2 white imps
  3 ufetubi
  An ooze (D:2)
  2 adder zombies (D:7)
  3 adder skeletons
  4 worms
  2 dart slugs
  5 leopard geckos
  24 orcs
  A ball python (D:3)
  5 giant cockroaches
  7 goblins
  5 hobgoblins
  20 jackals
  6 quokkas
  8 bats
  6 frilled lizards
  A jackal skeleton (D:5)
  28 kobolds
  A quokka skeleton (D:5)
  10 rats
267 creatures vanquished.

Vanquished Creatures (others)
  25 plants (D:4)
25 creatures vanquished.

Grand Total: 292 creatures vanquished

Notes
Turn   | Place    | Note
-------+----------+-------------------------------------------
     0 | D:1      | Havoc the Draconian Earth Elementalist began the quest for
                  | the Orb.
     0 | D:1      | Reached XP level 1. HP: 14/14 MP: 3/3
   431 | D:1      | Reached XP level 2. HP: 22/22 MP: 5/5
   649 | D:1      | Reached skill level 1 in Fighting
   920 | D:1      | Reached XP level 3. HP: 28/28 MP: 7/7
  1300 | D:2      | Reached skill level 3 in Spellcasting
  1550 | D:2      | Reached XP level 4. HP: 34/36 MP: 4/8
  1637 | D:2      | Found a glowing golden altar of the Shining One.
  2448 | D:3      | Learned a level 2 spell: Passwall
  2452 | D:3      | Learned a level 3 spell: Stone Arrow
  2521 | D:3      | Reached XP level 5. HP: 38/42 MP: 4/10
  3185 | D:3      | Found a basalt altar of Yredelemnul.
  3507 | D:4      | Found an iron altar of Okawaru.
  3575 | D:4      | Reached skill level 4 in Spellcasting
  3870 | D:4      | Reached XP level 6. HP: 33/51 MP: 4/12
  3988 | D:4      | Found an ancient bone altar of Kikubaaqudgha.
  4503 | D:4      | Reached skill level 5 in Spellcasting
  4630 | D:5      | Entered Level 5 of the Dungeon
  4638 | D:5      | Found an ornate altar of the Wu Jian Council.
  4642 | D:5      | Found a sacrificial altar of Ru.
  4765 | D:5      | Noticed Ijyb
  4786 | D:5      | Killed Ijyb
  4870 | D:5      | Your scales start taking on a lurid green colour.
  4870 | D:5      | Reached XP level 7. HP: 57/57 MP: 14/14
  4870 | D:5      | Gained mutation: Your system is resistant to poisons.
                  | (rPois) [Green Draconian growth]
  4935 | D:5      | Found a white marble altar of Elyvilon.
  5138 | D:5      | Reached skill level 1 in Conjurations
  5229 | D:5      | Found a shadowy altar of Dithmenos.
  5359 | D:6      | Reached skill level 5 in Earth Magic
  5478 | D:6      | Noticed Edmund
  5818 | D:6      | Reached skill level 6 in Spellcasting
  6085 | D:6      | Reached XP level 8. HP: 55/64 MP: 17/17
  7151 | D:7      | Found a staircase to the Ecumenical Temple.
  7217 | Temple   | Entered the Ecumenical Temple
  7290 | Temple   | Became a worshipper of Sif Muna the Loreminder
  7483 | D:7      | Reached skill level 7 in Spellcasting
  7661 | D:7      | Found a glowing silver altar of Zin.
  7728 | D:7      | Noticed a hornet
  7751 | D:7      | Found an opulent altar of Gozag.
  7861 | D:7      | Found a sacrificial altar of Ru.
  8043 | D:7      | a hornet changed into a golden eye
  8045 | D:7      | Reached XP level 9. HP: 72/72 MP: 16/20
  8433 | D:8      | Noticed a two-headed ogre
  8545 | D:8      | Learned a level 4 spell: Petrify
  8630 | D:8      | Learned a level 5 spell: Lee's Rapid Deconstruction
  8911 | D:8      | Found a blossoming altar of Fedhas.
  9021 | D:8      | Reached skill level 8 in Spellcasting
  9256 | D:8      | Reached * piety under Sif Muna
  9257 | D:8      | Reached skill level 5 in Fighting
  9414 | D:8      | Found a blossoming altar of Fedhas.
  9714 | D:8      | Noticed Joseph
  9895 | D:8      | Found a burning altar of Makhleb.
 10252 | D:9      | Noticed a troll
 10446 | D:9      | Reached skill level 9 in Spellcasting
 10722 | D:9      | Noticed a death yak
 10732 | D:9      | Noticed Pikel
 10747 | D:9      | Killed Pikel
 10748 | D:9      | Reached XP level 10. HP: 63/83 MP: 9/23
 10945 | D:9      | Found a radiant altar of Vehumet.
 11220 | D:9      | Reached ** piety under Sif Muna
 11435 | D:9      | Found a staircase to the Lair.
 11444 | D:9      | Noticed a death yak
 11463 | D:9      | Noticed Erica
 11479 | D:9      | Noticed a death yak
 11770 | D:10     | Entered Level 10 of the Dungeon
 12991 | D:10     | Reached skill level 10 in Spellcasting
 13299 | D:10     | Reached *** piety under Sif Muna
 13391 | D:9      | Mangled by a death yak

Illustrated notes

Levels and vault maps discovered:
D:1:      dpeg_arrival_connections, layout_loops_ring
D:2:      layout_basic, tso_metal_star
D:3:      layout_basic, general_overflow_altar
D:4:      layout_rooms, nicolae_overflow_hidden_temple, kennysheep_mini_moat,
          serial_bayou_lagoon_a, chequers_serial_rivers_small_3
D:5:      layout_gridville, grunt_dithmenos_smoke, lemuel_crystal_altar,
          minitemple, uniq_ijyb
D:6:      layout_basic, st_stairs_1, uniq_edmund
D:7:      layout_layer_cave, grunt_gozag_breadcrumbs, old_standard_altar,
          minmay_temple_entry_metal_lava, nicolae_ru_sacrificial_ziggurat
D:8:      layout_basic, marbit_many_paths, kennysheep_mini,
          makhleb_blood_cavern_becter, fedhas_altar_fruit_tree, uniq_joseph
D:9:      layout_irregular_city, vehumet_crystals, dpeg_lair_monsters,
          hangedman_abyss_or_decor_stagger, minmay_mirror_moons_of_madness,
          uniq_erica, uniq_pikel
D:10:     layout_long_grid
Temple:   compressed_dpeg_triangle_lava_temple

Skill      XL: |  1  2  3  4  5  6  7  8  9 10 |
---------------+-------------------------------+-----
Fighting       | 1 2 3 4 6 7 |  7.1
Spellcasting   | 3 4 5 6 7 9 10 | 10.1
Earth Magic    | 4 5 6 7 8 |  8.2
Conjurations   | 2 4 |  4.2
Transmutations | 3 4 |  4.1
Dodging        | |  1.7
Stealth        | |  1.7

Action                   |  1- 3 |  4- 6 |  7- 9 | 10-12 || total
-------------------------+-------+-------+-------+-------++-------
Melee: Dagger            |    72 |   156 |   203 |    96 ||   527
       Short sword       |     8 |       |       |       ||     8
       Tailslap          |     6 |    12 |    29 |     9 ||    56
       Unarmed           |       |     2 |       |       ||     2
 Cast: Sandblast         |    21 |    82 |    82 |    39 ||   224
       Passwall          |       |     2 |     6 |    13 ||    21
       Stone Arrow       |       |       |   105 |    39 ||   144
       Lee's Rapid Decon |       |       |     5 |     9 ||    14
       Petrify           |       |       |       |     3 ||     3
 Abil: Breathe Noxious F |       |       |     2 |       ||     2
Evoke: Wand              |       |       |     7 |     3 ||    10
  Use: Scroll            |       |       |     2 |     2 ||     4
 Stab: Sleeping          |     4 |     1 |     1 |       ||     6
Armor: Skin              |    36 |    65 |    95 |    89 ||   285
Dodge: Dodged            |    77 |   146 |   186 |   112 ||   521
